 Dungeon Crawl Stone Soup version 0.26-a0-661-g406de6ba63 (webtiles) character file.

Game seed: 9172592306153318470

597876 Decritt the Cloud Mage (level 27, -6/165 HPs)
             Began as a Tengu Air Elementalist on Oct 6, 2020.
             Was the Champion of Vehumet.
             Killed from afar by an orb of fire (15 damage)
             ... with a fireball
             ... on level 2 of the Realm of Zot on Oct 9, 2020.
             The game lasted 13:55:18 (115604 turns).

Decritt the Cloud Mage (Tengu Air Elementalist)   Turns: 115604, Time: 13:55:19

Health: -6/165     AC: 23    Str: 11    XL:     27
Magic:  6/48       EV: 29    Int: 32    God:    Vehumet [******]
Gold:   4072       SH:  0    Dex: 25    Spells: 10/66 levels left

rFire    + + +     SeeInvis .   a - staff of air
rCold    + + .     Faith    .   (no shield)
rNeg     + + .     Spirit   .   B - +3 fire dragon scales of Visubbaf {rF++ rC- Dex+2}
rPois    .         Reflect  .   j - +2 hat of Xiphoss {Int+3}
rElec    +         Harm     .   h - +2 cloak of Trial and Error {rC++ MR++}
rCorr    .         Rampage  .   n - +2 pair of gloves {Dex+3}
MR       +++++                  (boots unavailable)
Stlth    +.........             Q - amulet of Ethics {RegenMP rElec rF+ rC+}
HPRegen  0.37/turn              J - ring "Diqun" {+Fly rN+ Int+4}
MPRegen  0.56/turn              A - ring "Qucull" {rN+ MR+ Dex+4}

@: swift, flying quickly and evasively, very quick
A: beak, horns 1, talons 3, blurry vision 2, deformed body, no potion heal 1,
MP-powered wands, able to fly
}: 3/15 runes: barnacled, silver, gossamer
a: Stop Flying, Renounce Religion


You were on level 2 of the Realm of Zot.
You worshipped Vehumet.
Vehumet was exalted by your worship.
You visited 12 branches of the dungeon, and saw 49 of its levels.
You visited 1 bazaar.
You also visited: Ice Cave.

You collected 7852 gold pieces.
You spent 3780 gold pieces at shops.

Inventory:

Hand Weapons
 b - the +8 storm bow {elec, penet}
   (You found it on level 4 of the Dungeon)

   It charges the ammunition it shoots with electricity; occasionally upon a
   hit, such missiles may discharge and cause terrible harm.
   Ammo fired by it will pass through the targets it hits, potentially hitting
   all targets in its path until it reaches maximum range.
Missiles
 D - 929 arrows
 H - 9 throwing nets (quivered)
Armour
 h - the +2 cloak of Trial and Error (worn) {rC++ MR++}
   (You acquired it on level 1 of the Orcish Mines)

   It greatly protects you from cold.
   It affects your resistance to hostile enchantments.
 i - +5 steam dragon scales
 j - the +2 hat of Xiphoss (worn) {Int+3}
   (You acquired it on level 9 of the Dungeon)

   It affects your intelligence (+3).
 n - a +2 pair of gloves of dexterity (worn)
 o - a scarf of invisibility
 B - the +3 fire dragon scales of Visubbaf (worn) {rF++ rC- Dex+2}
   (You bought it in a shop on level 1 of the Elven Halls)

   It affects your dexterity (+2).
   It greatly protects you from fire.
   It makes you vulnerable to cold.
Magical Staves
 a - an uncursed staff of air (weapon)
Jewellery
 c - a +6 ring of strength
 k - the ring "Jixteidole" {rF+ rC+ Dex+2}
   (You acquired it on level 4 of the Shoals)

   [ring of protection from fire]

   It affects your dexterity (+2).
   It protects you from fire.
   It protects you from cold.
 y - the ring "Duuhe" {+Fly rN+ Str+2}
   (You found it on level 1 of the Depths)

   [ring of positive energy]

   It affects your strength (+2).
   It protects you from negative energy.
   It lets you fly.
 A - the ring "Qucull" (right hand) {rN+ MR+ Dex+4}
   (You took it off a deep elf sorcerer on level 3 of the Elven Halls)

   [ring of protection from magic]

   It affects your dexterity (+4).
   It protects you from negative energy.
   It affects your resistance to hostile enchantments.
 J - the ring "Diqun" (left hand) {+Fly rN+ Int+4}
   (You found it on level 2 of the Lair of Beasts)

   [ring of flight]

   It affects your intelligence (+4).
   It protects you from negative energy.
   It lets you fly.
 N - an uncursed ring of resist corrosion
 O - a +6 ring of intelligence
 Q - the amulet of Ethics (around neck) {RegenMP rElec rF+ rC+}
   (You acquired it on level 5 of the Lair of Beasts)

   [amulet of magic regeneration]

   It increases your magic regeneration.
   It protects you from fire.
   It protects you from cold.
   It insulates you from electricity.
 V - the amulet of Awe {Reflect rPois MR+ SH+5}
   (You took it off a yaktaur captain on level 5 of the Vaults)

   [amulet of reflection]

   It shields you and reflects attacks.
   It protects you from poison.
   It affects your resistance to hostile enchantments.
   It affects your SH (+5).
Wands
 g - a wand of flame (142)
 r - a wand of paralysis (31)
 w - a wand of digging (14)
Scrolls
 l - 32 scrolls of remove curse
 p - 5 scrolls of fog
 q - 14 scrolls of blinking
 s - 7 scrolls of amnesia
 t - 2 scrolls of immolation
 u - 3 scrolls of holy word
 z - 21 scrolls of teleportation
 G - 4 scrolls of fear
 I - 10 scrolls of magic mapping
 K - 18 scrolls of identify
 P - 6 scrolls of enchant armour
 Y - 3 scrolls of summoning
Potions
 d - 4 potions of ambrosia
 e - 5 potions of mutation
 f - 4 potions of haste
 m - 4 potions of magic
 v - 8 potions of curing
 x - 5 potions of invisibility
 F - 10 potions of brilliance
 M - 6 potions of heal wounds
 S - a potion of resistance
 X - 2 potions of cancellation
Miscellaneous
 C - a box of beasts (2/3)
 E - a lightning rod (4/4)
 L - the horn of Geryon (inert)
 R - a tin of tremorstones (3/3)
 T - a condenser vane (2/2)
 U - a phantom mirror
 W - a phial of floods (inert)


   Skills:
 - Level 15.0 Fighting
 - Level 4.0 Bows
 * Level 19.4 Armour
 * Level 20.7 Dodging
 - Level 2.0 Stealth
 + Level 20.1 Spellcasting
 + Level 21.7 Conjurations
 - Level 9.0 Ice Magic
 + Level 25.3 Air Magic
 - Level 7.0 Poison Magic
 - Level 6.2 Evocations


You had 10 spell levels left.
You knew the following spells:

 Your Spells              Type           Power        Failure   Level
a - Airstrike             Air            ########..   0%          4
b - Lightning Bolt        Conj/Air       ########..   0%          5
c - Chain Lightning       Conj/Air       ########..   1%          8
d - Mephitic Cloud        Conj/Pois/Air  ########     0%          3
e - Freezing Cloud        Conj/Ice/Air   ########..   1%          6
f - Swiftness             Air            ########     0%          2
g - Corona                Hex            ####...      3%          1
h - Tornado               Air            ########..   3%          9
i - Ignite Poison         Fire/Tmut/Pois #####...     1%          3
j - Iskenderun's Battles  Conj           ########     0%          5
k - Apportation           Tloc           ####..       3%          1
l - Fireball              Conj/Fire      #######...   1%          5
m - Olgreb's Toxic Radia  Pois           ######..     1%          4

Your spell library contained the following spells:

 Spells                   Type           Power        Failure   Level
 Absolute Zero            Ice            ######....   100%        9
 Fire Storm               Conj/Fire      #######...   100%        9
 Magic Dart               Conj           ####         0%          1
 Shock                    Conj/Air       ####         0%          1
 Poisonous Vapours        Pois/Air       ######       0%          2
 Searing Ray              Conj           ######       0%          2
 Static Discharge         Conj/Air       ########     0%          3
 Foxfire                  Conj/Fire      ####         1%          1
 Sting                    Tmut/Pois      ####         1%          1
 Corpse Rot               Necr/Air       N/A          1%          2
 Conjure Flame            Conj/Fire      #######.     1%          3
 Dazzling Flash           Conj/Hex       ######       1%          3
 Fulminant Prism          Conj/Hex       #######...   1%          4
 Iskenderun's Mystic Bla  Conj/Tloc      #######.     1%          4
 Sticky Flame             Conj/Fire      #######.     1%          4
 Bolt of Magma            Conj/Fire/Erth ######....   1%          5
 Irradiate                Conj/Tmut      #######...   1%          5
 Silence                  Hex/Air        ########..   1%          5
 Animate Skeleton         Necr           ####..       3%          1
 Pain                     Necr           ####         3%          1
 Summon Small Mammal      Summ           ####         3%          1
 Inner Flame              Hex/Fire       ####....     3%          3
 Ozocubu's Refrigeration  Ice            ######....   4%          6
 Blink                    Tloc           N/A          6%          2
 Sublimation of Blood     Necr           ####......   6%          2
 Ice Form                 Ice/Tmut       ######..     6%          4
 Confusing Touch          Hex            ####....     12%         3
 Gell's Gravitas          Tloc           ####......   12%         3
 Lesser Beckoning         Tloc           ####......   12%         3
 Portal Projectile        Hex/Tloc       ####..       12%         3
 Teleport Other           Tloc           ####....     12%         3
 Tukima's Dance           Hex            ####....     12%         3
 Vampiric Draining        Necr           ####......   12%         3
 Metabolic Englaciation   Hex/Ice        ######....   17%         5
 Alistair's Intoxication  Tmut/Pois      ######...    26%         5
 Yara's Violent Unravell  Hex/Tmut       ####......   26%         5
 Animate Dead             Necr           ####......   36%         4
 Cause Fear               Hex            ####......   36%         4
 Dispel Undead            Necr           ####....     36%         4
 Passage of Golubria      Tloc           N/A          36%         4
 Petrify                  Tmut/Erth      ####....     36%         4
 Simulacrum               Ice/Necr       ######....   67%         6
 Agony                    Necr           ####....     71%         5
 Excruciating Wounds      Necr           ####......   71%         5
 Summon Demon             Summ           ####......   71%         5
 Summon Forest            Summ/Tloc      ####......   71%         5
 Summon Mana Viper        Hex/Summ       ####....     71%         5
 Eringya's Noxious Bog    Tmut/Pois      ######....   80%         6
 Dispersal                Tloc           ####......   99%         6
 Invisibility             Hex            ####....     99%         6
 Shadow Creatures         Summ           N/A          99%         6
 Malign Gateway           Summ/Tloc      ####......   100%        7
 Monstrous Menagerie      Summ           ####......   100%        7
 Summon Greater Demon     Summ           ####......   100%        7
 Summon Hydra             Summ           ####......   100%        7
 Discord                  Hex            ####......   100%        8
 Disjunction              Tloc           ####......   100%        8
 Summon Horrible Things   Summ           ####......   100%        8


Dungeon Overview and Level Annotations

Branches:
Dungeon (15/15)            Temple (1/1) D:6            Lair (6/6) D:9
 Shoals (4/4) Lair:2       Spider (4/4) Lair:2        Slime (1/5) Lair:5
    Orc (2/2) D:9             Elf (3/3) Orc:2        Vaults (5/5) D:14
  Crypt (0/3) Vaults:3     Depths (5/5) D:15           Hell (visited)
    Dis (0/7) Hell            Geh (0/7) Hell            Coc (0/7) Hell
    Tar (0/7) Hell            Zot (2/5) Depths:5      IceCv (visited)

Altars:
Ashenzari
Cheibriados
Dithmenos
Elyvilon
Gozag
Hepliaklqana
Kikubaaqudgha
Makhleb
Nemelex Xobeh
Okawaru
Ru
Sif Muna
Trog
Vehumet
Wu Jian
Xom
Yredelemnul
Zin
Beogh
Jiyva

Shops:
D:6 *   D:8 [(   D:10 (   Orc:1 ?[   Orc:2 !?=*   Elf:1 [[   Elf:2 ?
Shoals:3 (   Vaults:3 }   Depths:2 (   Depths:5 }!?

Portals:
Hell: Depths:1 Depths:2 Depths:3 Depths:4 Depths:5
Abyss: Depths:1 Depths:2 Depths:4
Pandemonium: Depths:3
Ziggurat: Depths:3

Annotations:
Depths:4 1 exclusion


Innate Abilities, Weirdness & Mutations

You have a beak for a mouth.
You have claws for feet.
You can fly continuously.
You have a pair of small horns on your head.
Scrolls take you longer to read.
Armour fits poorly on your strangely shaped body.
Potions are less effective at restoring your health.
You expend magic power (3 MP) to strengthen your wands.


Message History

Your mature oxweird beast tramples the orb of fire but does no damage.
The orb of fire glows bright magenta.
The fireball explodes!
The fireball engulfs you! You resist.
* * * LOW HITPOINT WARNING * * *
Casting: Chain Lightning (mildly dangerous; 1% risk of failure)
Confirm with . or Enter, or press ? or * to list all spells.
You feel a surge of power!
You feel quick.
The orb of fire glows yellow.
The bolt of fire misses you.
Your mature oxweird beast barely misses the orb of fire.
Your mature oxweird beast tramples the orb of fire but does no damage.
The curse toe calls on the powers of darkness!
Your mature oxweird beast convulses!
Your body is wracked with pain!
* * * LOW HITPOINT WARNING * * *
A moth of wrath comes into view.
The moth of wrath's fur bristles in rage as it notices you.
The orb of fire glows red.
The fireball explodes!
The fireball engulfs you! You resist.
You die...

##########################
#........................#
##.......y......@..*H)[z..#
#...####################°.#
....## ####☼.# .....#
#.#...# ....8# #.'...#
.....# #.#...# ....##
####..# ....# #.#..# [...#
#.'..#


You could see an orb of fire, a curse toe, a moth of wrath and a friendly mature
oxweird beast (summoned).

Vanquished Creatures
  An ancient lich (Vaults:4)
  Mennas (Depths:5)
  Mara (Vaults:4)
  A juggernaut (Depths:3)
  A Killer Klown (Zot:2)
  Frederick (Vaults:2)
  Bai Suzhen (Shoals:3)
  6 caustic shrikes
  Geryon (Hell)
  3 curse toes
  3 golden dragons
  An electric golem (Zot:2)
  2 bone dragons
  3 liches
  Rupert (Lair:3)
  12 tentacled monstrosities
  Asterion (Depths:1)
  The ghost of fritzmikael the Wallflower, an adept DsAr of Uskayaw (Vaults:2)
  4 quicksilver dragons
  2 deep elf blademasters (Elf:3)
  3 deep elf master archers (Elf:3)
  3 titans
  5 sphinxes
  Polyphemus (Shoals:3)
  A sphinx (shapeshifter) (D:15)
  Kirke (Spider:4)
  3 death cobs
  10 tengu reavers
  7 shadow dragons
  Donald (Shoals:4)
  9 storm dragons
  2 revenants
  10 fire giants
  A draconian knight (Depths:5)
  12 frost giants
  A balrug (Depths:1)
  3 iron dragons
  4 ghost moths
  4 orc warlords
  11 vault wardens
  4 draconian shifters
  A curse skull (Vaults:2)
  31 very ugly things
  5 emperor scorpions (Spider:4)
  Louise (Spider:3)
  5 deep elf sorcerers
  11 ironheart preservers
  6 deep elf elementalists
  4 draconian annihilators
  A draconian scorcher (Zot:1)
  24 stone giants
  3 reapers (Hell)
  2 vampire knights
  5 war gargoyles
  5 entropy weavers
  A lorocyproca (Depths:1)
  10 deep elf demonologists
  2 green draconians
  A red draconian (Depths:5)
  5 deep elf annihilators (Elf:3)
  3 white draconians
  A dire elephant (shapeshifter) (Vaults:1)
  14 spark wasps
  4 black draconians
  4 yellow draconians (Zot:1)
  7 purple draconians
  5 deep elf death magi
  17 ettins
  Snorg (D:10)
  3 eidola (Vaults:2)
  3 jiangshi (Depths:3)
  A blizzard demon (Depths:1)
  12 fire dragons
  Erolcha (D:9)
  5 merfolk javelineers (Shoals:4)
  Josephine (Lair:4)
  A fire dragon (shapeshifter) (Vaults:5)
  A kraken zombie (Hell)
  6 deep elf high priests
  6 merfolk impalers
  10 great orbs of eyes
  13 yaktaur captains
  21 ice dragons
  A great orb of eyes (shapeshifter) (Vaults:4)
  6 rakshasas
  11 hydras
  7 spriggan air magi
  Fannar (Lair:3)
  26 vault guards
  2 catoblepae
  8 centaur warriors
  10 boulder beetles
  14 ogre magi
  A merfolk avatar (Shoals:4)
  2 death knights
  An alligator snapping turtle (Shoals:3)
  7 death yaks
  12 merfolk aquamancers
  12 deep troll shamans
  2 vampire magi
  25 dancing weapons
  39 two-headed ogres
  3 satyrs
  5 tengu warriors
  6 deep troll earth magi
  5 spriggan berserkers
  9 orc high priests
  Urug (Lair:2)
  4 hell hogs (Hell)
  23 deep elf knights
  7 hell knights
  Nergalle (Lair:4)
  5 sun demons
  5 shadow wraiths
  2 small abominations (Elf:3)
  2 iron golems (Depths:1)
  5 soul eaters
  A sixfirhy (Depths:3)
  3 spriggans (Depths:5)
  8 skeletal warriors
  6 iron trolls
  3 unseen horrors
  An anaconda zombie (Hell)
  A fire crab (shapeshifter) (D:15)
  An unseen horror (shapeshifter) (Vaults:2)
  28 deep trolls
  2 flayed ghosts
  2 glowing orange brains
  13 sea snakes
  A swamp dragon (Lair:6)
  17 deep elf archers
  A gelid demonspawn (Depths:3)
  Pikel (D:9)
  22 harpies
  3 lindwurms (Lair:6)
  A harpy (shapeshifter) (Depths:1)
  7 wizards
  5 phantasmal warriors
  26 wolf spiders
  9 ironbrand convokers
  16 orc knights
  An iron dragon zombie (Hell)
  9 necromancers
  14 orb spiders
  A stone giant zombie (Hell)
  4 orc sorcerers
  21 manticores
  51 ugly things
  2 oklob plants (Lair:2)
  A wolf spider (shapeshifter) (Vaults:1)
  66 deep elf magi
  10 fauns
  A salamander (shapeshifter) (Vaults:4)
  13 moths of wrath
  24 cyclopes
  A human skeleton (Vaults:5)
  7 merfolk sirens
  3 black mambas
  2 ice statues
  Maurice (D:8)
  10 elephants
  18 vault sentinels
  An eye of devastation (Slime:1)
  9 water nymphs
  The ghost of anet the Skirmisher, a novice HOCj (D:5)
  4 rust devils
  12 cane toads
  An orange demon (Depths:3)
  A smoke demon (Depths:3)
  A dire elephant zombie (Hell)
  3 torpor snails
  A molten gargoyle (Hell)
  The ghost of emiel the Shield-Bearer, a novice FoFi (D:5)
  2 centaur skeletons
  3 gargoyles
  5 spectral swamp worms (Depths:5)
  Maggie (D:9)
  3 rime drakes
  A hellion (Hell)
  2 rime drakes (shapeshifter) (Depths:5)
  A storm dragon simulacrum (Vaults:3)
  9 freezing wraiths
  2 komodo dragons (shapeshifter)
  6 komodo dragons
  A redback zombie (D:15)
  36 yaktaurs
  2 yaktaurs (shapeshifter)
  2 tengu conjurers (Depths:2)
  An efreet (D:15)
  The ghost of DogServant the Conjurer, a novice TeCj (D:5)
  13 demonic crawlers
  A harpy zombie (D:12)
  2 red devils (Hell)
  2 ice devils
  A hellwing (Depths:3)
  A tormentor (Depths:3)
  23 jumping spiders
  14 hornets
  A meliai (D:7)
  A queen bee (shapeshifter) (D:12)
  3 hydra zombies (Hell)
  13 trolls
  18 merfolk
  6 wind drakes
  16 polar bears
  A hydra skeleton (Hell)
  An ettin zombie (Vaults:5)
  A snapping turtle (shapeshifter) (Elf:2)
  6 snapping turtles
  15 blink frogs
  A meliai zombie (D:12)
  15 dream sheep
  3 alligator skeletons (Hell)
  39 slime creatures
  An ice dragon zombie (Hell)
  An air elemental (Elf:1)
  20 tarantellas
  Sigmund (D:5)
  56 yaks
  8 fire elementals
  An ettin skeleton (Vaults:5)
  59 redbacks
  7 shadows
  A spriggan (shapeshifter) (D:15)
  2 tarantellas (shapeshifter)
  9 wraiths
  9 wyverns
  15 water elementals
  A golden eye (shapeshifter) (Vaults:2)
  7 hogs (Spider:4)
  9 humans
  The ghost of Borbozo the Bolt Thrower, an amateur GnWn (D:5)
  A basilisk (shapeshifter) (D:15)
  Menkaure (D:5)
  5 vampire mosquitoes
  2 basilisks (Lair:6)
  9 wargs
  2 cane toad zombies (Hell)
  2 soldier ants
  17 water moccasins
  9 acid dragons
  A floating eye (Depths:2)
  A hell hound (Depths:3)
  A swamp drake (Lair:6)
  A water moccasin (shapeshifter) (Depths:2)
  An eye of draining (D:7)
  2 black bears
  5 ice beasts
  2 large abominations
  42 orc warriors
  6 sky beasts
  A sky beast (shapeshifter) (Elf:3)
  A necrophage (D:10)
  2 hornet zombies
  2 phantoms
  19 wolves
  22 boggarts
  29 centaurs
  33 ogres
  3 lemures (D:9)
  A centaur (shapeshifter) (Depths:3)
  4 big kobolds
  5 elf zombies (Elf:1)
  An elf simulacrum (Vaults:1)
  Blork the orc (D:5)
  20 bullfrogs
  2 gnoll sergeants
  An earth elemental (Elf:3)
  8 scorpions
  A hornet simulacrum (D:14)
  17 wights
  8 killer bees
  5 electric eels
  3 howler monkeys
  A bullfrog zombie (D:10)
  5 centaur zombies
  7 hounds
  2 quasits
  4 crimson imps
  4 bullfrog skeletons
  10 jellies
  45 orc priests
  A gnoll shaman (Orc:2)
  3 iron imps
  21 orc wizards
  Terence (D:3)
  2 hell rats (Lair:5)
  7 iguanas
  Ijyb (D:3)
  8 worker ants
  A killer bee zombie (D:6)
  A worker ant zombie (D:9)
  9 adders
  11 gnolls
  7 river rats (Lair:5)
  2 oozes (Lair:5)
  2 adder zombies
  3 adder skeletons
  2 worms
  2 dart slugs
  4 leopard geckos
  124 orcs
  6 giant cockroaches
  20 goblins
  5 hobgoblins
  22 jackals
  18 kobolds
  8 quokkas
  2 ball pythons
  4 bats
  7 frilled lizards
  A jackal zombie (D:8)
  2 leopard gecko zombies (D:7)
  A quokka zombie (D:8)
  7 rats
  2 butterflies (Lair:4)
  3 crawling corpses (Elf:3)
  A tentacle (Hell)
2330 creatures vanquished.

Vanquished Creatures (others)
  A lich (Depths:1)
  A storm dragon (Vaults:5)
  A deep elf demonologist (Elf:1)
  3 vault guards (D:14)
  A wizard (D:6)
  3 polar bears (IceCv)
  A yak (IceCv)
  2 humans (D:14)
  An orc warrior (D:9)
  An eye of draining (shapeshifter) (D:15)
  A boggart (Depths:2)
  3 wolves (IceCv)
  41 fungi
  161 plants
  3 tentacles (Hell)
  A withered plant (D:5)
225 creatures vanquished.

Grand Total: 2555 creatures vanquished

Notes
Turn   | Place    | Note
-------+----------+-------------------------------------------
     0 | D:1      | Decritt the Tengu Air Elementalist began the quest for the
                  | Orb.
     0 | D:1      | Reached XP level 1. HP: 10/10 MP: 4/4
   219 | D:1      | Reached XP level 2. HP: 15/15 MP: 3/6
   817 | D:1      | Reached XP level 3. HP: 19/19 MP: 5/7
  1384 | D:2      | Learned a level 2 spell: Swiftness
  1742 | D:2      | Reached XP level 4. HP: 24/24 MP: 5/8
  2134 | D:2      | Found a faded altar of an unknown god.
  2547 | D:3      | Reached skill level 1 in Fighting
  2638 | D:3      | Reached skill level 1 in Armour
  2800 | D:3      | Gained mutation: You can fly continuously. [Tengu growth]
  2800 | D:3      | Reached XP level 5. HP: 22/30 MP: 9/9
  3210 | D:3      | Noticed Terence
  3222 | D:3      | Killed Terence
  3434 | D:3      | Noticed Ijyb
  3602 | D:4      | Reached XP level 6. HP: 17/36 MP: 10/10
  3640 | D:4      | Found the +8 storm bow {elec, penet}
  3648 | D:4      | Reached skill level 5 in Air Magic
  3901 | D:4      | Noticed an ice beast
  3948 | D:3      | Killed an ice beast
  3948 | D:3      | Reached XP level 7. HP: 40/40 MP: 12/12
  4151 | D:3      | Learned a level 3 spell: Static Discharge
  4771 | D:5      | Entered Level 5 of the Dungeon
  4808 | D:5      | Reached skill level 6 in Air Magic
  5311 | D:5      | Reached skill level 5 in Conjurations
  5430 | D:5      | Noticed Menkaure
  5436 | D:5      | Killed Menkaure
  5477 | D:5      | Reached XP level 8. HP: 46/46 MP: 13/13
  5807 | D:5      | Noticed Blork the orc
  5839 | D:5      | Killed Blork the orc
  5839 | D:5      | Reached skill level 7 in Air Magic
  5935 | D:5      | Found a hazy altar of Hepliaklqana.
  5946 | D:5      | Found a bloodstained altar of Trog.
  5948 | D:5      | Found a shadowy altar of Dithmenos.
  5949 | D:5      | Found a sacrificial altar of Ru.
  6038 | D:5      | Noticed Sigmund
  6079 | D:5      | Killed Sigmund
  6185 | D:5      | Found a runed translucent gate.
  6185 | D:5      | Found a runed translucent gate.
  6185 | D:5      | Found a runed translucent gate.
  6186 | D:5      | Noticed emiel's ghost (novice FoFi)
  6186 | D:5      | Noticed anet's ghost (novice HOCj)
  6186 | D:5      | Noticed DogServant's ghost (novice TeCj)
  6186 | D:5      | Noticed Borbozo's ghost (amateur GnWn)
  6427 | D:6      | Gained mutation: You expend magic power (3 MP) to
                  | strengthen your wands. [potion of mutation]
  6427 | D:6      | Gained mutation: Scrolls take you a little longer to read.
                  | [potion of mutation]
  6427 | D:6      | Gained mutation: You are agile. (Dex +2) [potion of
                  | mutation]
  6427 | D:6      | Gained mutation: You have a pair of small horns on your
                  | head. [potion of mutation]
  6677 | D:6      | Found Fevianai's General Store.
  6797 | D:6      | Reached skill level 5 in Dodging
  6932 | D:6      | Reached skill level 5 in Armour
  6966 | D:6      | Found a staircase to the Ecumenical Temple.
  7030 | Temple   | Entered the Ecumenical Temple
  7161 | Temple   | Became a worshipper of Vehumet
  7615 | D:6      | Found a bloodstained altar of Trog.
  7616 | D:6      | Noticed a wizard
  7622 | D:6      | Killed a wizard
  7757 | D:7      | Reached XP level 9. HP: 52/52 MP: 15/15
  8233 | D:7      | Noticed a gargoyle
  8589 | D:6      | Learned a level 4 spell: Airstrike
  8707 | D:7      | Killed a gargoyle
  8927 | D:7      | Noticed a meliai
  8932 | D:7      | Killed a meliai
  8932 | D:7      | Reached skill level 8 in Air Magic
  9014 | D:7      | Reached * piety under Vehumet
  9014 | D:7      | Offered knowledge of Sandblast by Vehumet.
  9129 | D:7      | Reached skill level 5 in Spellcasting
  9289 | D:7      | Reached XP level 10. HP: 57/57 MP: 18/18
  9483 | D:7      | Learned a level 5 spell: Lightning Bolt
 10094 | D:8      | Reached skill level 5 in Fighting
 10148 | D:8      | Reached ** piety under Vehumet
 10165 | D:8      | Offered knowledge of Searing Ray by Vehumet.
 10169 | D:8      | Learned a level 2 spell: Searing Ray
 10246 | D:8      | Found Fecudyla's Armour Shoppe.
 10455 | D:8      | Bought a +2 pair of gloves of dexterity for 301 gold pieces
 10636 | D:8      | Noticed a two-headed ogre
 10649 | D:8      | Killed a two-headed ogre
 10973 | D:8      | Noticed Maurice
 10981 | D:8      | Killed Maurice
 11088 | D:8      | Noticed a two-headed ogre
 11090 | D:8      | Reached skill level 9 in Air Magic
 11094 | D:8      | Killed a two-headed ogre
 11208 | D:8      | Found a shimmering altar of Xom.
 11340 | D:8      | Found Afufevuu's Weapon Shop.
 11610 | D:8      | Found an opulent altar of Gozag.
 11610 | D:8      | Found a glowing silver altar of Zin.
 11686 | D:9      | Noticed Maggie
 11692 | D:9      | Killed Maggie
 11692 | D:9      | Offered knowledge of Stone Arrow by Vehumet.
 11692 | D:9      | Reached XP level 11. HP: 66/66 MP: 9/21
 11910 | D:9      | Reached *** piety under Vehumet
 11912 | D:9      | Noticed a cyclops
 11914 | D:9      | Killed a cyclops
 12454 | D:9      | Reached skill level 10 in Air Magic
 12614 | D:9      | Noticed a cyclops
 12619 | D:9      | Killed a cyclops
 12834 | D:9      | Found a staircase to the Orcish Mines.
 12874 | D:9      | Found a roughly hewn altar of Beogh.
 12897 | D:9      | Offered knowledge of Mephitic Cloud by Vehumet.
 12914 | D:9      | Noticed Pikel
 12917 | D:9      | Killed Pikel
 12917 | D:9      | Reached skill level 1 in Evocations
 13247 | D:9      | Learned a level 3 spell: Mephitic Cloud
 13534 | D:9      | Reached skill level 1 in Poison Magic
 13857 | D:9      | Found a staircase to the Lair.
 13918 | D:9      | Noticed Erolcha
 13925 | D:9      | Killed Erolcha
 14342 | D:10     | Entered Level 10 of the Dungeon
 14753 | D:9      | Identified 2 scrolls of acquirement
 14753 | D:9      | Acquired 369 gold pieces
 14935 | D:8      | Acquired the +2 hat of Xiphoss {Int+3}
 15021 | D:6      | Bought a +1 cloak of magic resistance for 198 gold pieces
 15393 | D:3      | Killed Ijyb
 15706 | D:10     | Reached **** piety under Vehumet
 15745 | D:10     | Noticed Snorg
 15757 | D:10     | Killed Snorg
 15903 | D:10     | Found Ihoull's Antique Weapon Shoppe.
 16421 | D:10     | Offered knowledge of Yara's Violent Unravelling by Vehumet.
 17168 | Lair:1   | Entered Level 1 of the Lair of Beasts
 17174 | D:9      | Reached XP level 12. HP: 72/72 MP: 14/24
 18216 | Lair:1   | Found a shimmering blue altar of Sif Muna.
 18306 | Lair:2   | Noticed Urug
 18311 | Lair:2   | Killed Urug
 18447 | Lair:2   | Got a coiled golden ring
 18449 | Lair:2   | Identified the ring "Diqun" {+Fly rN+ Int+4} (You found it
                  | on level 2 of the Lair of Beasts)
 18535 | Lair:2   | Reached skill level 10 in Conjurations
 18542 | Lair:2   | Reached skill level 11 in Air Magic
 18615 | Lair:2   | Learned a level 1 spell: Corona
 18815 | Lair:2   | Found a staircase to the Shoals.
 18952 | Lair:2   | Reached skill level 10 in Dodging
 19637 | Lair:2   | Found a hole to the Spider Nest.
 20103 | Lair:3   | Noticed Rupert
 20116 | Lair:3   | Killed Rupert
 20118 | Lair:3   | Noticed Fannar
 20397 | Lair:3   | Reached XP level 13. HP: 70/76 MP: 13/26
 20718 | Lair:3   | Killed Fannar
 20718 | Lair:3   | Reached skill level 12 in Air Magic
 20974 | Lair:3   | Got an encrusted buckler
 20979 | Lair:3   | Identified the cursed +0 buckler of the Wumpus {rC+} (You
                  | found it on level 3 of the Lair of Beasts)
 21441 | Lair:4   | Reached skill level 5 in Poison Magic
 21443 | Lair:4   | Noticed Josephine
 21450 | Lair:4   | Killed Josephine
 21906 | Lair:4   | Noticed Nergalle
 21913 | Lair:4   | Killed Nergalle
 22029 | Lair:4   | Reached skill level 5 in Evocations
 22099 | Lair:4   | Reached ***** piety under Vehumet
 22294 | Lair:4   | Offered knowledge of Ozocubu's Refrigeration by Vehumet.
 23740 | Lair:5   | Found a runed translucent door.
 23740 | Lair:5   | Found a viscous altar of Jiyva.
 23741 | Lair:5   | Found a staircase to the Slime Pits.
 24612 | Lair:5   | Acquired the amulet of Ethics {RegenMP rElec rF+ rC+}
 24811 | Lair:6   | Entered Level 6 of the Lair of Beasts
 24852 | Lair:6   | Found a frozen archway.
 24861 | IceCv    | Entered an ice cave
 25723 | IceCv    | Reached skill level 10 in Armour
 27659 | IceCv    | Reached XP level 14. HP: 43/82 MP: 28/28
 28381 | IceCv    | Noticed a frost giant
 28398 | IceCv    | Killed a frost giant
 28875 | Lair:6   | Reached skill level 10 in Spellcasting
 29616 | Lair:6   | Acquired 568 gold pieces
 30042 | Lair:6   | Reached skill level 13 in Air Magic
 30460 | Lair:6   | Offered knowledge of Olgreb's Toxic Radiance by Vehumet.
 30649 | Lair:6   | Learned a level 4 spell: Olgreb's Toxic Radiance
 30656 | Lair:6   | Learned a level 6 spell: Freezing Cloud
 31160 | Lair:6   | Reached skill level 14 in Air Magic
 31165 | Lair:6   | Reached skill level 1 in Ice Magic
 31332 | Lair:6   | Got a faintly glowing iron ring
 31334 | Lair:6   | Identified the ring "Yvaomine" {rF+ EV+4 Int-5 Slay+5
                  | Stlth-} (You found it on level 6 of the Lair of Beasts)
 31800 | Orc:1    | Entered Level 1 of the Orcish Mines
 31958 | Orc:1    | Noticed an orc warlord
 32165 | Orc:1    | Reached XP level 15. HP: 71/86 MP: 19/30
 32219 | Orc:1    | Killed an orc warlord
 32366 | Orc:1    | Noticed an orc warlord
 32485 | Orc:1    | Noticed an orc warlord
 32496 | D:9      | Killed an orc warlord
 32589 | Orc:1    | Killed an orc warlord
 32815 | Orc:1    | Found Edghewapn's Antique Armour Emporium.
 32821 | Orc:1    | Found Fuyclib's Magic Scroll Emporium.
 33071 | Orc:1    | Found a roughly hewn altar of Beogh.
 33093 | Orc:1    | Found a roughly hewn altar of Beogh.
 33127 | Orc:2    | Entered Level 2 of the Orcish Mines
 33127 | Orc:2    | Found a staircase to the Elven Halls.
 33131 | Orc:2    | Offered knowledge of Spellforged Servitor by Vehumet.
 33302 | Orc:2    | Noticed an orc warlord
 33307 | Orc:2    | Killed an orc warlord
 34717 | Orc:2    | Found a roughly hewn altar of Beogh.
 35064 | Orc:2    | Found Fyulops's Magic Scroll Emporium.
 35064 | Orc:2    | Found Qucloan's Distillery.
 35169 | Orc:2    | Found Ecuonaeq's General Store.
 35169 | Orc:2    | Found Xejejust's Jewellery Boutique.
 35338 | Orc:1    | Bought a scroll of acquirement for 832 gold pieces
 35340 | Orc:1    | Acquired the +2 cloak of Trial and Error {rC++ MR++}
 35400 | Orc:1    | Bought a scroll of blinking for 120 gold pieces
 35400 | Orc:1    | Bought a scroll of enchant armour for 120 gold pieces
 35400 | Orc:1    | Bought a scroll of amnesia for 56 gold pieces
 35720 | D:11     | Offered knowledge of Iron Shot by Vehumet.
 37496 | D:12     | Reached skill level 15 in Air Magic
 39151 | D:14     | Reached XP level 16. HP: 86/92 MP: 31/31
 39569 | D:14     | Reached skill level 15 in Conjurations
 39813 | D:14     | Found a white marble altar of Elyvilon.
 39857 | D:14     | Offered knowledge of Bolt of Magma by Vehumet.
 40312 | D:14     | Found a gate to the Vaults.
 40707 | D:15     | Entered Level 15 of the Dungeon
 40784 | D:15     | Reached skill level 1 in Bows
 41470 | D:15     | Found a shimmering altar of Xom.
 41470 | D:15     | Found an opulent altar of Gozag.
 41471 | D:15     | Found a sacrificial altar of Ru.
 41505 | D:15     | Reached skill level 5 in Ice Magic
 41870 | D:15     | Noticed a tengu reaver
 42076 | D:15     | Killed a tengu reaver
 42560 | D:15     | Acquired an uncursed ring of wizardry
 42710 | D:15     | Learned a level 2 spell: Swiftness
 42720 | D:15     | Noticed a golden dragon
 42780 | D:15     | Noticed a shadow dragon
 42783 | D:15     | Noticed a sphinx
 42783 | D:15     | a shadow dragon changed into a sphinx
 42796 | D:15     | Killed a sphinx
 43758 | D:15     | Identified the +6 broad axe of Poolas {freeze, Str+2}
 44256 | D:15     | Got a smoking fustibalus
 44258 | D:15     | Got a pitted trident
 44278 | D:15     | Identified the cursed +1 trident "Mialos" {vorpal, rElec
                  | rC- rN+ MR+} (You found it on level 15 of the Dungeon)
 44280 | D:15     | Identified the cursed +0 fustibalus "Yrammaq" {venom,
                  | Str+3} (You found it on level 15 of the Dungeon)
 44405 | D:15     | Offered knowledge of Lee's Rapid Deconstruction by Vehumet.
 44585 | D:15     | Reached XP level 17. HP: 96/96 MP: 33/33
 45200 | D:15     | Found a staircase to the Depths.
 45473 | Elf:1    | Entered Level 1 of the Elven Halls
 45606 | Elf:1    | Found an ancient bone altar of Kikubaaqudgha.
 45609 | Elf:1    | Found Ozxivoru's Armour Shoppe.
 45649 | Elf:1    | Found Naow's Antique Armour Boutique.
 46226 | Elf:1    | Identified the Collected Works on Evil Magic
 47471 | Elf:2    | Reached skill level 15 in Dodging
 48068 | Elf:2    | Found Raisk's Magic Scroll Emporium.
 48105 | Elf:2    | Noticed a Brimstone Fiend
 48400 | Elf:2    | Offered knowledge of Chain Lightning by Vehumet.
 48442 | Elf:2    | Learned a level 8 spell: Chain Lightning
 49021 | Elf:2    | Found a runed translucent gate.
 49021 | Elf:2    | Found a runed translucent gate.
 49026 | Elf:2    | Found a runed translucent gate.
 49240 | Spider:1 | Entered Level 1 of the Spider Nest
 49536 | Spider:1 | Reached XP level 18. HP: 101/101 MP: 34/34
 50940 | Lair:2   | Reached skill level 16 in Air Magic
 54841 | Spider:3 | Learned a level 3 spell: Ignite Poison
 55097 | Spider:3 | Noticed Louise
 55101 | Spider:3 | Killed Louise
 56137 | Spider:4 | Entered Level 4 of the Spider Nest
 57165 | Spider:4 | Noticed Kirke
 57626 | Spider:4 | Killed Kirke
 57841 | Spider:4 | Reached ****** piety under Vehumet
 57841 | Spider:4 | Offered knowledge of Fire Storm by Vehumet.
 57841 | Spider:4 | Offered knowledge of Tornado by Vehumet.
 57841 | Spider:4 | Offered knowledge of Absolute Zero by Vehumet.
 57890 | Spider:4 | Reached skill level 10 in Fighting
 58234 | Spider:4 | Learned a level 9 spell: Tornado
 58626 | Spider:4 | Got a gossamer rune of Zot
 59109 | Shoals:1 | Entered Level 1 of the Shoals
 59251 | Shoals:1 | Reached XP level 19. HP: 105/112 MP: 36/36
 61812 | Shoals:3 | Found Oruul's Antique Weapon Shop.
 61989 | Shoals:3 | Reached skill level 17 in Air Magic
 62087 | Shoals:3 | Noticed Bai Suzhen
 63342 | Shoals:3 | Killed Bai Suzhen
 63634 | Shoals:4 | Entered Level 4 of the Shoals
 63791 | Shoals:4 | Noticed Donald
 63798 | Shoals:4 | Killed Donald
 65635 | Shoals:4 | Acquired the ring "Jixteidole" {rF+ rC+ Dex+2}
 66232 | Shoals:4 | Noticed Polyphemus
 66392 | Shoals:4 | Reached skill level 15 in Spellcasting
 66392 | Shoals:4 | Reached skill level 18 in Air Magic
 66397 | Shoals:3 | Killed Polyphemus
 66533 | Shoals:4 | Reached XP level 20. HP: 117/117 MP: 30/40
 67746 | Shoals:4 | Got a barnacled rune of Zot
 68293 | Vaults:1 | Entered Level 1 of the Vaults
 68507 | Vaults:1 | Identified the Tome of the Mutagenic Blaze
 71945 | Vaults:2 | Found a flickering gateway to a bazaar.
 71961 | Bazaar   | Entered a bazaar
 71982 | Bazaar   | Found Xetuduar's General Store.
 71982 | Bazaar   | Found Haomor's General Store.
 72031 | Bazaar   | Found Toagroac's Magic Scroll Shoppe.
 72031 | Bazaar   | Found Zagefy's Assorted Antiques.
 72049 | Bazaar   | Bought a scroll labeled VIORRUTEUNK for 26 gold pieces
 72061 | Bazaar   | Bought a scroll of blinking for 90 gold pieces
 72086 | Bazaar   | Bought a scroll of blinking for 120 gold pieces
 72098 | Bazaar   | Bought a potion of ambrosia for 96 gold pieces
 72237 | Vaults:2 | Noticed Frederick
 72244 | Vaults:2 | Killed Frederick
 73205 | Vaults:2 | Reached XP level 21. HP: 114/127 MP: 22/43
 73321 | Vaults:2 | Found a runed translucent gate.
 73321 | Vaults:2 | Found a runed translucent gate.
 73323 | Vaults:2 | Noticed fritzmikael's ghost (adept DsAr)
 73325 | Vaults:2 | Found a runed translucent gate.
 74696 | Vaults:3 | Reached skill level 19 in Air Magic
 75864 | Vaults:3 | Found a staircase to the Crypt.
 75899 | Vaults:3 | Found Siomum's Gadget Boutique.
 76495 | Vaults:4 | Identified the +3 plate armour of Music {MR+ Dex+2 SInv}
 76670 | Vaults:4 | Reached skill level 20 in Air Magic
 77993 | Vaults:4 | Reached XP level 22. HP: 130/132 MP: 20/44
 80528 | Depths:1 | Entered Level 1 of the Depths
 80999 | Depths:1 | Reached skill level 15 in Armour
 81137 | Depths:1 | Found a gateway to Hell.
 81957 | Depths:1 | Got a transparent brass ring
 81964 | Depths:1 | Identified the ring "Duuhe" {+Fly rN+ Str+2} (You found it
                  | on level 1 of the Depths)
 82094 | Depths:1 | Found a one-way gate to the infinite horrors of the Abyss.
 82267 | Depths:1 | Noticed Asterion
 82276 | Depths:1 | Killed Asterion
 83271 | Depths:2 | Reached XP level 23. HP: 130/136 MP: 21/45
 84389 | Depths:2 | Found a broken altar of Ashenzari.
 84620 | Depths:2 | Found Odug's Weapon Emporium.
 85076 | Depths:2 | Noticed a caustic shrike
 85078 | Depths:2 | Noticed a caustic shrike
 85080 | Depths:2 | Noticed a caustic shrike
 85081 | Depths:2 | Noticed a caustic shrike
 85084 | Depths:1 | Killed a caustic shrike
 85401 | Depths:2 | Killed a caustic shrike
 85401 | Depths:2 | Killed a caustic shrike
 85402 | Depths:2 | Killed a caustic shrike
 85921 | Depths:2 | Paralysed by a floating eye for 3 turns
 86222 | Depths:2 | Reached skill level 21 in Air Magic
 86650 | Depths:2 | Identified the +4 spear "Vemikuta" {venom, rC+ Int+2}
 87323 | Depths:3 | Identified the +8 shortbow of the Peculiar Heavens {flame,
                  | +Fly Int+4} (You found it on level 3 of the Depths)
 87371 | Depths:3 | Reached XP level 24. HP: 142/142 MP: 26/46
 87884 | Elf:1    | Bought the +3 fire dragon scales of Visubbaf {rF++ rC-
                  | Dex+2} for 1206 gold pieces
 88848 | Depths:3 | Found a one-way gate leading to the halls of Pandemonium.
 89628 | Depths:3 | Noticed a caustic shrike
 89839 | Depths:3 | Killed a caustic shrike
 89904 | Depths:3 | Noticed a juggernaut
 89906 | Depths:3 | Killed a juggernaut
 90016 | Depths:3 | Noticed a caustic shrike
 90020 | Depths:3 | Killed a caustic shrike
 90643 | Depths:3 | Found a glowing silver altar of Zin.
 90879 | Depths:3 | Found a gateway to a ziggurat.
 90917 | Depths:3 | Found a shadowy altar of Dithmenos.
 92652 | Depths:5 | Entered Level 5 of the Depths
 92762 | Depths:5 | Reached skill level 22 in Air Magic
 92843 | Depths:5 | Noticed Mennas
 92850 | Depths:5 | Killed Mennas
 93382 | Depths:5 | Found an opulent altar of Gozag.
 93484 | Depths:4 | Reached XP level 25. HP: 128/148 MP: 0/46
 94098 | Depths:5 | Found Jianikkeu's Gadget Shoppe.
 94760 | Depths:5 | Found a gate to the Realm of Zot.
 94787 | Depths:5 | Found Baoryz's Distillery.
 94792 | Depths:5 | Found Sukyst's Magic Scroll Shoppe.
 95024 | Depths:5 | Bought a potion of brilliance for 60 gold pieces
 95024 | Depths:5 | Bought 2 potions of heal wounds for 150 gold pieces
 95024 | Depths:5 | Bought a potion of brilliance for 60 gold pieces
 95024 | Depths:5 | Bought a potion of brilliance for 60 gold pieces
 95024 | Depths:5 | Bought a potion of brilliance for 60 gold pieces
 95024 | Depths:5 | Bought a potion of resistance for 150 gold pieces
 95024 | Depths:5 | Bought a potion of heal wounds for 75 gold pieces
 95475 | Elf:3    | Entered Level 3 of the Elven Halls
 97884 | Elf:3    | Identified the +9 quarterstaff of a bazaar {drain, rElec}
 97890 | Elf:3    | Identified the ring "Qucull" {rN+ MR+ Dex+4}
 97893 | Elf:3    | Identified the +3 war axe "Meocs" {vamp, rPois Dex+3}
 97971 | Elf:3    | Reached skill level 23 in Air Magic
 97988 | Elf:3    | Identified the Almanac of Stolen Souls
 98062 | Elf:3    | Identified the +7 short sword "Hopsykava" {freeze, +Inv
                  | rElec rC+ Stlth-} (You found it on level 3 of the Elven
                  | Halls)
 98066 | Elf:3    | Identified Sif Muna's Collected Works on Doomed Flames
 99136 | Slime:1  | Entered Level 1 of the Pits of Slime
 99933 | D:5      | Killed DogServant's ghost
 99933 | D:5      | Killed anet's ghost
 99933 | D:5      | Killed Borbozo's ghost
 99934 | D:5      | Killed emiel's ghost
100637 | Vaults:2 | Killed fritzmikael's ghost
102508 | Depths:1 | Identified the cursed +1 chain mail of Ghostly Beauty
                  | {Dex+2} (You found it on level 1 of the Depths)
102514 | Hell     | Entered the Vestibule of Hell
102514 | Hell     | Noticed Geryon
104112 | Hell     | Killed Geryon
104112 | Hell     | Reached XP level 26. HP: 156/156 MP: 26/47
104453 | Hell     | Found a gateway to the decaying netherworld of Tartarus.
104698 | Hell     | Found a gateway to the ashen valley of Gehenna.
104752 | Hell     | Found a gateway to the Iron City of Dis.
104811 | Hell     | Found a gateway to the freezing wastes of Cocytus.
105198 | Hell     | Upgraded the game from 0.26-a0-660-gc07710193c to
                  | 0.26-a0-661-g406de6ba63
105708 | Vaults:5 | Entered Level 5 of the Vaults
105729 | Vaults:5 | Noticed an ancient lich
105987 | Vaults:5 | Noticed Mara
107680 | Vaults:4 | Killed an ancient lich
108062 | Vaults:5 | Noticed an ancient lich
108194 | Vaults:4 | HP: 7/157 [tentacled monstrosity (6)]
108946 | Vaults:4 | Reached skill level 24 in Air Magic
109125 | Vaults:4 | Killed Mara
110226 | Vaults:5 | Reached XP level 27. HP: 152/163 MP: 16/47
111015 | Vaults:5 | Identified Ratof's Reference Book on Dislocated Conjuration
111050 | Vaults:5 | Identified the amulet of Awe {Reflect rPois MR+ SH+5}
111111 | Vaults:5 | Got a silver rune of Zot
111121 | Vaults:5 | Learned a level 5 spell: Iskenderun's Battlesphere
111756 | Vaults:5 | Learned a level 1 spell: Apportation
112253 | Zot:1    | Entered Level 1 of the Realm of Zot
113479 | Zot:1    | Learned a level 5 spell: Fireball
113484 | Zot:1    | Learned a level 4 spell: Olgreb's Toxic Radiance
113841 | Zot:1    | Reached skill level 25 in Air Magic
113916 | Zot:1    | Identified the cursed +1 robe of Tazat {rC++ Int-3} (You
                  | found it on level 1 of the Realm of Zot)
114923 | Zot:2    | Reached skill level 15 in Fighting
115555 | Zot:2    | Noticed an orb of fire
115566 | Zot:2    | Gained mutation: Armour fits poorly on your strangely
                  | shaped body. [an orb of fire]
115574 | Zot:2    | Gained mutation: Potions are less effective at restoring
                  | your health. [an orb of fire]
115576 | Zot:2    | Gained mutation: Scrolls take you longer to read. [an orb
                  | of fire]
115602 | Zot:2    | Lost mutation: You are agile. (Dex +2) [an orb of fire]
115604 | Zot:2    | Killed from afar by an orb of fire

Illustrated notes

Levels and vault maps discovered:
D:1:      psy_arrival_basics, layout_loops_corners
D:2:      layout_loops_ring, chequers_ecumenical_altar_lobes
D:3:      kennysheep_the_goblin_king, layout_loops_ring, uniq_terence,
          uniq_crazy_yiuf_cottage
D:4:      layout_gridville
D:5:      layout_basic, minitemple, gammafunk_ghost_cemetery, minivault_19,
          uniq_sigmund, uniq_menkaure, uniq_blork_the_orc
D:6:      layout_loops_ring, minmay_temple_entry_statues_pillars, serial_shops,
          shop, trog_wizard
D:7:      cheibrodos_fzero, layout_basic
D:8:      layout_basic, grunt_temple_overflow_gold_and_silver,
          nicolae_overflow_hidden_temple, serial_shops, shop,
          nicolae_shop_stone, uniq_maurice
D:9:      layout_grid_maze, lair_entry_dummy, minmay_orc_entry_temple_small,
          hangedman_pestilent_swarm, roderic_filled_cross,
          kennysheep_generic_room_11, uniq_pikel, uniq_erolcha, uniq_maggie
D:10:     layout_irregular_city, serial_shops, shop_fountains, uniq_snorg
D:11:     layout_grid_maze
D:12:     layout_rooms, minmay_shattered_shrine
D:13:     layout_cross, serial_bayou_ford_a
D:14:     layout_long_grid, ximxim_vaults_locker_room, elyvilon_altar_3
D:15:     hangedman_slaughterboxes
Temple:   dpeg_chambers_temple
Lair:1:   layout_loops_ring, basic_altar
Lair:2:   layout_regular_city, shoals_dummy_entry, spider_nest_entry_web_field,
          lemuel_fruit_fields, grunt_megastairs_4, infiniplex_staircase_pool,
          minmay_lair_oklob_chamber, uniq_urug
Lair:3:   layout_long_grid, uniq_rupert, uniq_fannar
Lair:4:   layout_concentric_octagons, lemuel_fruit_fields, uniq_nergalle,
          uniq_josephine
Lair:5:   layout_long_grid, slime_altar_2, chequers_serial_rivers_small_a,
          kennysheep_rathole, lemuel_fruit_fields, serial_bayou_shore_b
Lair:6:   hangedman_lair_in_review, layout_layer_cave, guppyfry_lair_end_dragon,
          portal_ice_cave_entry_pillars_2
Shoals:1: layout_shoals
Shoals:2: layout_shoals
Shoals:3: layout_shoals, serial_shops, nicolae_shop_window_shopping,
          st_shoals_ruin, uniq_bai_suzhen
Shoals:4: shoals_end_simple, layout_shoals, nicolae_shoals_water_shrine,
          uniq_donald, uniq_polyphemus
Spider:1: layout_spider_delve
Spider:2: layout_spider_delve
Spider:3: layout_spider_delve, uniq_louise
Spider:4: guppyfry_spider_rune, uniq_kirke
Slime:1:  layout_caves
Orc:1:    layout_caves, serial_shops, shop, shop, basic_altar,
          kennysheep_orc_chapel
Orc:2:    st_orc_town, layout_caves
Elf:1:    eino_elf_arrival_customs, layout_geoelf_grid, serial_shops, shop,
          shop, mu_enter_wizlab_5, basic_altar, minmay_elf_necromancy
Elf:2:    layout_geoelf_octagon, serial_shops, shop
Elf:3:    minmay_elf_hall_not_hex, layout_geoelf_castle, grunt_ministairs_8
Vaults:1: grunt_vaults_diagonal, vaults_room_pools,
          nicolae_vaults_quartermaster, v_misc_27, v_misc_15,
          vaults_room_door_hall, ontoclasm_vaults_eye, vaults_room_hallway,
          vaults_dpeg_ring, vaults_room_hallway, layout_vaults_quadrants
Vaults:2: gammafunk_vaults_ghost_spectres, st_more_cells, v_pattern_5,
          vaults_mumra_chevron, nicolae_vaults_little_squares_3,
          vaults_standard_mumra_x, nicolae_vaults_little_squares_3,
          ontoclasm_vaults_shuriken, nicolae_vaults_rhombus_7, v_misc_33,
          nicolae_vaults_little_squares_4, hangedman_vaults_trim,
          ontoclasm_vaults_decontamination, layout_vaults_omnicross,
          serial_shops, bzr_entry_customers, uniq_frederick
Vaults:3: hangedman_vaults_river_flow, nicolae_vaults_rhombus_7,
          vaults_room_hallway, v_misc_27, minmay_crypt_entry_simple_corners,
          vaults_mumra_hexcomb, vaults_standard_mumra_lines, st_lattice,
          v_misc_15, nicolae_vaults_angled_halls, vaults_room_corners,
          hangedman_vaults_trim, vaults_mumra_chevron_long,
          layout_vaults_big_room, serial_shops, nicolae_shop_statue_plus
Vaults:4: ontoclasm_vaults_ring_large, ontoclasm_vaults_claustrophobia,
          vaults_room_pools, nicolae_vaults_circle_grid_a,
          nicolae_vaults_angled_halls, v_misc_16, v_alt_pattern_3,
          ontoclasm_vaults_loading_screen, vaults_mumra_hex,
          nicolae_vaults_network_periphery, v_misc_19, vaults_room_pools,
          nicolae_vaults_little_squares_1, nicolae_vaults_alarming, st_cells,
          vaults_dpeg_cross, layout_vaults_omnibox
Vaults:5: uniq_mara
Depths:1: layout_cave_shapes, nrook_mini_vaults, lightli_too_deep, abyss_entry,
          serial_sigils_hangedman_writhe, minmay_multi_spiral, uniq_asterion
Depths:2: grunt_bent_corner, layout_cave_shapes, hangedman_coc_ice_floe,
          abyss_entry, serial_bayou_pond_c, serial_shops,
          nicolae_shop_behind_doors, nicolae_ashenzari_panopticon
Depths:3: minmay_tri_box, layout_gridville, enter_ziggurat_b,
          small_statue_intersection, hellmouth_1, rand_demon_pan_entry_8,
          chequers_serial_rivers_small_3, hangedman_feature_mirror
Depths:4: evilmike_inaccessible_box, layout_cave_shapes,
          grunt_hell_entry_dis_grunt, nicolae_abyss_entry_one_way_or_another,
          minmay_misc_feat_enclosed
Depths:5: grunt_zot_entry_pinwheel, layout_gridville, serial_shops,
          nicolae_shop_statue_plus, basic_altar, pf_hell_entry_tar_river,
          serial_bayou_shore_b, minmay_shop_star, uniq_mennas
Hell
Zot:1:    layout_cellular_growth
Zot:2:    hangedman_orp_of_zott, layout_twisted_circle,
          hangedman_zot_decor_checkerboard, hangedman_player_shredder

Skill      XL: |  1  2  3  4  5  6  7  8  9 10 11 12 13 14 15 16 17 18 19 20 21 22 23 24 25 26 27 |
---------------+----------------------------------------------------------------------------------+-----
Conjurations   | 2 3 4 5 6 7 8 9 11 13 14 15 16 17 18 19 21 | 21.7
Fighting       | 1 2 3 4 6 7 10 12 13 14 15 | 15.0
Armour         | 1 2 3 5 6 7 9 10 11 12 13 14 15 16 17 18 19 | 19.4
Dodging        | 3 4 5 8 9 10 11 12 14 15 16 17 18 19 20 | 20.7
Air Magic      | 5 6 7 8 9 10 11 12 14 15 16 18 20 21 22 23 24 25 | 25.3
Spellcasting   | 3 5 6 7 8 9 10 11 12 15 17 18 19 20 | 20.1
Evocations     | 2 3 6 |  6.2
Poison Magic   | 4 6 7 |  7.0
Ice Magic      | 1 3 6 8 9 |  9.0
Bows           | 4 |  4.0
Stealth        | |  2.0

Action                   |  1- 3 |  4- 6 |  7- 9 | 10-12 | 13-15 | 16-18 | 19-21 | 22-24 | 25-27 || total
-------------------------+-------+-------+-------+-------+-------+-------+-------+-------+-------++-------
Melee: Kick              |     3 |     8 |     8 |     6 |    11 |     3 |     9 |       |     9 ||    57
       Short sword       |     3 |    35 |    32 |       |       |       |       |       |       ||    70
       Unarmed           |     1 |       |       |       |       |       |       |       |       ||     1
       Peck              |       |     4 |     6 |     8 |    10 |     2 |     5 |     1 |     4 ||    40
       Staff             |       |       |    11 |    23 |    36 |    12 |    16 |     4 |    20 ||   122
       Headbutt          |       |       |       |     3 |     8 |     1 |     4 |       |     6 ||    22
       Longbow           |       |       |       |       |       |     2 |       |       |       ||     2
 Fire: Hunting sling     |       |    21 |       |       |       |       |       |       |       ||    21
       Longbow           |       |       |    28 |    58 |   243 |   271 |    77 |    23 |    45 ||   745
Throw: Throwing net      |     1 |     1 |     1 |       |     2 |     2 |     1 |     1 |       ||     9
 Cast: Shock             |    66 |    88 |   185 |   144 |       |       |       |       |       ||   483
       Static Discharge  |       |       |     9 |     2 |       |       |       |       |       ||    11
       Airstrike         |       |       |    10 |   168 |   444 |   528 |   661 |   324 |   417 ||  2552
       Searing Ray       |       |       |       |    16 |     7 |       |       |       |       ||    23
       Lightning Bolt    |       |       |       |    31 |   201 |    51 |   121 |   225 |   121 ||   750
       Mephitic Cloud    |       |       |       |    11 |    35 |    29 |    11 |     5 |     8 ||    99
       Corona            |       |       |       |     2 |       |       |       |       |       ||     2
       Freezing Cloud    |       |       |       |       |    22 |    61 |    34 |    10 |     7 ||   134
       Olgreb's Toxic Ra |       |       |       |       |    22 |    11 |       |       |       ||    33
       Swiftness         |       |       |       |       |       |     2 |     1 |       |     4 ||     7
       Chain Lightning   |       |       |       |       |       |    59 |    84 |   102 |   132 ||   377
       Ignite Poison     |       |       |       |       |       |     1 |       |     2 |       ||     3
       Tornado           |       |       |       |       |       |       |     2 |     5 |    16 ||    23
       Iskenderun's Batt |       |       |       |       |       |       |       |       |     7 ||     7
       Fireball          |       |       |       |       |       |       |       |       |     1 ||     1
       Apportation       |       |       |       |       |       |       |       |       |     1 ||     1
 Abil: Fly               |       |       |     1 |       |       |       |       |       |     1 ||     2
       Stop Flying       |       |       |       |       |       |       |       |       |     1 ||     1
Evoke: Tin of tremorston |       |       |       |     1 |       |       |       |       |       ||     1
       Wand              |       |       |       |       |    18 |       |     2 |       |       ||    20
       Condenser vane    |       |       |       |       |       |     1 |       |       |       ||     1
       Phantom mirror    |       |       |       |       |       |       |     1 |     1 |     1 ||     3
       Horn of Geryon    |       |       |       |       |       |       |       |       |     1 ||     1
       Box of beasts     |       |       |       |       |       |       |       |       |     1 ||     1
       Phial of floods   |       |       |       |       |       |       |       |       |     1 ||     1
  Use: Scroll            |       |     4 |     5 |    14 |    12 |    20 |     8 |     7 |     7 ||    77
       Potion            |       |     1 |     2 |     4 |       |     7 |     7 |     2 |    18 ||    41
 Stab: Confused          |       |       |       |     2 |     2 |       |       |       |       ||     4
Armor: Robe              |     3 |       |     2 |       |       |       |       |       |       ||     5
       Leather armour    |       |    11 |    17 |       |     7 |       |       |       |       ||    35
       Steam dragon scal |       |       |       |    27 |    68 |   219 |   142 |   126 |    31 ||   613
       Fire dragon scale |       |       |       |       |       |       |       |       |   325 ||   325
Dodge: Dodged            |     3 |    40 |    95 |   143 |   473 |   799 |   430 |   240 |   487 ||  2710
Block: Other             |       |       |       |    34 |    10 |       |     2 |       |       ||    46
       Reflection        |       |       |       |     5 |       |       |       |       |       ||     5

Table legend: (Time is in decaauts)
 A = Elapsed time spent in this place.
 B = Non-inter-level travel time spent in this place.
 C = Inter-level travel time spent in this place.
 D = Time resting spent in this place.
 E = Time spent auto-exploring this place.
 F = Levels seen in this place.
 G = Mean time per level.
                   A        B        C        D        E       F      G
               +--------+--------+--------+--------+--------+-----+--------+
         Total | 111949 | 105564 |   6385 |  55858 |  20674 |  51 | 2195.1 |
       Dungeon |  29744 |  26755 |   2989 |  11759 |   6477 |  15 | 1982.9 |
        Temple |    131 |    131 |      0 |      0 |    107 |   1 |  131.0 |
          Lair |  11154 |  10609 |    545 |   4648 |   3079 |   6 | 1859.0 |
        Shoals |   9142 |   8852 |    290 |   4349 |   2907 |   4 | 2285.5 |
   Spider Nest |   8886 |   8716 |    170 |   5628 |    821 |   4 | 2221.5 |
    Slime Pits |    612 |    612 |      0 |    547 |      0 |   1 |  612.0 |
  Orcish Mines |   3217 |   2971 |    246 |   1209 |    724 |   2 | 1608.5 |
   Elven Halls |   8525 |   7962 |    563 |   4492 |    861 |   3 | 2841.7 |
        Vaults |  17482 |  16486 |    996 |   9131 |   3631 |   5 | 3496.4 |
        Depths |  15335 |  14785 |    550 |   9265 |   1625 |   5 | 3067.0 |
          Hell |   1002 |    990 |     12 |    343 |    192 |   1 | 1002.0 |
           Zot |   2760 |   2739 |     21 |   1580 |    206 |   2 | 1380.0 |
        Bazaar |    135 |    135 |      0 |      8 |     38 |   1 |  135.0 |
      Ice Cave |   3818 |   3818 |      0 |   2895 |      0 |   1 | 3818.0 |
               +--------+--------+--------+--------+--------+-----+--------+

Top non-repeatable levels by time:
Depths:1: 5907 daAuts
    D:15: 5774 daAuts
Vaults:4: 5606 daAuts
     D:9: 3973 daAuts
Vaults:1: 3921 daAuts
   IceCv: 3818 daAuts
Shoals:3: 3554 daAuts
Spider:1: 3384 daAuts
   Elf:3: 3329 daAuts
Vaults:3: 3245 daAuts
Vaults:2: 2944 daAuts
Depths:2: 2729 daAuts
Shoals:4: 2701 daAuts
  Lair:2: 2695 daAuts
   Elf:2: 2692 daAuts
